 Dungeon Crawl Stone Soup version 0.22-a0-142-g91cc6d7 (webtiles) character file.

2387 theanonym the Basher (level 9, -2/72 HPs)
             Began as a Mummy Chaos Knight on Feb 5, 2018.
             Slain by a wolf (4 damage)
             ... led by Grum
             ... on level 8 of the Dungeon.
             The game lasted 00:10:58 (5882 turns).

theanonym the Basher (Mummy Chaos Knight)           Turns: 5882, Time: 00:10:58

Health: -2/72      AC:  9    Str: 18    XL:     9   Next: 22%
Magic:  9/9        EV:  6    Int: 12    God:    Xom [......]
Gold:   297        SH:  5    Dex: 11    Spells: 3/8 levels left

rFire    . . .     SeeInvis .   a - +1 whip (elec)
rCold    + . .     Gourm    .   k - +1 buckler
rNeg     + + +     Faith    .   d - +0 chain mail
rPois    ∞         Spirit   .   (no helmet)
rElec    .         Reflect  .   (no cloak)
rCorr    .         Harm     .   i - +0 pair of gloves
MR       +....                  (no boots)
Stlth    ..........             (no amulet)
HPRegen  0.22/turn              m - ring of protection from fire
MPRegen  0.11/turn              (no ring)

@: drained
A: no food or potions, fire vulnerability, cold resistance 1, negative energy
resistance 3, torment resistance, unbreathing
a: Renounce Religion


Innate Abilities, Weirdness & Mutations

You do not eat or drink.
Your flesh is vulnerable to fire.
You are immune to poison.
Your flesh is cold resistant. (rC+)
You are immune to negative energy. (rN+++)
You are immune to unholy pain and torment.
You can survive without breathing.


   Skills:
 + Level 7.2(6.5) Fighting
 * Level 8.2(7.4) Maces & Flails
 - Level 1.5(0.9) Armour
 - Level 0.7(0.1) Dodging
 + Level 3.9(3.3) Shields


You had 3 spell levels left.
You knew the following spells:

 Your Spells              Type           Power        Failure   Level  Hunger
e - Lesser Beckoning      Tloc           #.........   100%        3    N/A
l - Blink                 Tloc           N/A          100%        2    N/A

Skill      XL: |  1  2  3  4  5  6  7  8  9 |
---------------+----------------------------+-----
Maces & Flails | 3 5 6 7 8 |  8.2
Fighting       | 5 6 7 |  7.2
Shields        | 2 3 |  3.9
Armour         | |  1.5
Dodging        | |  0.7

Action                   |  1- 3 |  4- 6 |  7- 9 || total
-------------------------+-------+-------+-------++-------
Melee: Mace              |    84 |    22 |       ||   106
       Whip              |       |     1 |   371 ||   372
Evoke: Wand              |       |       |     9 ||     9
  Use: Scroll            |     5 |       |     4 ||     9
 Stab: Confused          |     2 |       |     3 ||     5
       Petrifying        |     1 |       |       ||     1
       Petrified         |     1 |       |       ||     1
       Invisible         |       |       |     2 ||     2
       Paralysed         |       |       |     6 ||     6
Armor: Leather armour    |     8 |       |       ||     8
       Chain mail        |    37 |    11 |   163 ||   211
Dodge: Dodged            |    34 |     8 |    76 ||   118
Block: Buckler           |       |       |    49 ||    49

Inventory:

Hand Weapons
 a - a +1 whip of electrocution (weapon)
   (You took it off Pikel on level 4 of the Dungeon)
 g - a +0 mace of chaos
 p - a +0 flail
   (You found it on level 2 of the Dungeon)
Armour
 b - a +2 leather armour
 d - a +0 chain mail (worn)
   (You found it on level 1 of the Dungeon)
 i - a +0 pair of gloves (worn)
   (You found it on level 2 of the Dungeon)
 k - a +1 buckler (worn)
   (You found it on level 2 of the Dungeon)
Jewellery
 l - an uncursed ring of ice
   (You found it on level 4 of the Dungeon)
 m - a ring of protection from fire (left hand)
   (You found it on level 3 of the Dungeon)
Wands
 c - a wand of random effects (32)
   (You took it off an orc wizard on level 4 of the Dungeon)
 h - a wand of flame (60)
   (You took it off a kobold on level 5 of the Dungeon)
Scrolls
 e - a scroll of noise
 f - a scroll of fog
 j - a scroll of immolation
 n - a scroll of enchant armour
 r - 6 scrolls of identify
 t - 6 scrolls of teleportation {!r}
Books
 o - a book of Spatial Translocations {god gift}
   (Xom gifted it to you on level 3 of the Dungeon)


You were on level 8 of the Dungeon.
You worshipped Xom.
You were a very special plaything of Xom.
You were not hungry.

You visited 1 branch of the dungeon, and saw 7 of its levels.

You collected 297 gold pieces.

Dungeon Overview and Level Annotations

Branches:
Dungeon (6/15)             Temple (0/1) D:5

Altars:
Makhleb
Sif Muna
Trog
Vehumet
Xom
Yredelemnul
Zin

Annotations:
D:8 Grum

+ *#.....#*' **, ** * + *
,,#.§§..#,,,,...*, ,, *, ,, , *
,#..§..# , g..*, ,,*,,, , *
,,#.....#,, ,.(.',.... ,,,, ,
*+###.....#.,**#.#**...# ,,,,,, ,
* #.......#..###.##*...#, ,, ,,,,
,#.......#.......#,...',, ,, ,
,,#.......#.......+,..,*,, ,,,,,
,##†......#, #@#* .#** , ,, ,,
*#....#####..###h###.#,,,,,******
,#....'...#..........#,,, ,+,,,,,
,#....#...#..........#,,,,, ,,,,,
##....#########.###..#,, ,, *,,**
............#######..##,,,, * **
............#....'....#,,, ,*,,*,
.........§§§#....#....#,,,, +,, ,
.........§§§###.####..#,,, ,* **


You could see Grum, a wolf and a friendly spear.

Notes
Turn   | Place    | Note
-------+----------+-------------------------------------------
     0 | D:1      | theanonym the Mummy Chaos Knight began the quest for the Orb.
     0 | D:1      | Reached XP level 1. HP: 18/18 MP: 1/1
    65 | D:1      | XOM: divination: detect creatures
   266 | D:1      | Reached XP level 2. HP: 24/24 MP: 2/2
   628 | D:1      | Reached skill level 3 in Maces & Flails
   664 | D:1      | XOM: cloud trail
   848 | D:1      | XOM: harmless Fire miscast
  1009 | D:2      | XOM: mild Conj miscast
  1044 | D:2      | XOM: harmless Tloc miscast
  1071 | D:2      | You fall through a shaft for 2 floors!
  1081 | D:4      | HP: 2/24 [orc priest/divine providence (13)]
  1081 | D:4      | XOM: butterfly on damage
  1087 | D:4      | HP: 1/24 [orc wizard/magic dart (1)]
  1377 | D:4      | XOM: cast spell 'Summon Ice Beast'
  1379 | D:4      | Reached XP level 3. HP: 18/29 MP: 3/3
  1380 | D:4      | HP: 14/29 [orc/short sword (2)]
  1386 | D:4      | HP: 10/29 [orc/dagger (1)]
  1402 | D:4      | HP: 10/29 [orc/hand axe (2)]
  1407 | D:4      | Reached XP level 4. HP: 9/37 MP: 4/4
  1407 | D:4      | HP: 8/37 [orc/hand axe (1)]
  1762 | D:4      | XOM: cloud trail
  1765 | D:4      | XOM: scenery: 1 doors open
  1786 | D:4      | XOM: 1-stop teleportation journey
  1795 | D:4      | Noticed a slave
  1796 | D:4      | Noticed Pikel
  1802 | D:4      | Noticed a slave
  1803 | D:4      | Noticed a slave
  1805 | D:4      | HP: 15/37 [Pikel/whip of electrocution (15)]
  1806 | D:4      | Noticed a slave
  1807 | D:4      | Killed Pikel
  1807 | D:4      | Reached skill level 5 in Fighting
  1807 | D:4      | Reached skill level 5 in Maces & Flails
  1807 | D:4      | Reached XP level 5. HP: 18/44 MP: 5/5
  1807 | D:4      | Reached XP level 6. HP: 21/51 MP: 6/6
  1971 | D:4      | a freed slave changed into a scorpion
  1971 | D:4      | XOM: polymorph freed slave -> scorpion
  2023 | D:3      | Reached XP level 7. HP: 56/56 MP: 7/7
  2373 | D:2      | Found a bloodstained altar of Trog.
  2383 | D:2      | Found a basalt altar of Yredelemnul.
  2482 | D:2      | Found a faded altar of an unknown god.
  2561 | D:2      | XOM: severe Tmut miscast
  2725 | D:3      | XOM: silly message
  2836 | D:3      | Learned a level 2 spell: Blink
  2970 | D:3      | XOM: mild Tloc miscast
  3159 | D:3      | Found a burning altar of Makhleb.
  3172 | D:3      | XOM: mild Conj miscast
  3309 | D:3      | XOM: god gift: book of Spatial Translocations {god gift}
  3315 | D:3      | Learned a level 3 spell: Lesser Beckoning
  3449 | D:4      | XOM: potion effect (invisibility)
  3456 | D:4      | Reached skill level 6 in Maces & Flails
  3456 | D:4      | Reached skill level 1 in Shields
  3496 | D:4      | XOM: fog
  3777 | D:4      | Noticed Jessica
  3777 | D:4      | XOM: fog
  3789 | D:4      | Killed Jessica
  3795 | D:4      | Found a deep blue altar of Sif Muna.
  3953 | D:5      | Entered Level 5 of the Dungeon
  3959 | D:5      | Found a shimmering altar of Xom.
  3959 | D:5      | Noticed an angel
  3969 | D:5      | Reached skill level 2 in Shields
  3969 | D:5      | Reached XP level 8. HP: 64/64 MP: 8/8
  3976 | D:5      | Found a glowing silver altar of Zin.
  3990 | D:5      | XOM: summons friendly white imp
  3996 | D:5      | Reached skill level 6 in Fighting
  4002 | D:5      | HP: 32/64 [acid (2)]
  4002 | D:5      | HP: 14/64 [acid (7)]
  4053 | D:4      | XOM: god gift: halberd {god gift}
  4348 | D:5      | XOM: scenery: create altars
  4483 | D:5      | XOM: divination: detect items
  4505 | D:5      | Found a radiant altar of Vehumet.
  4523 | D:5      | Noticed Grinder
  4524 | D:5      | XOM: confuse monster(s)
  4539 | D:5      | Killed Grinder
  4539 | D:5      | Reached skill level 7 in Maces & Flails
  4573 | D:5      | XOM: scenery: create altars
  4619 | D:5      | Noticed Sigmund
  4623 | D:5      | XOM: cast spell 'Alistair's Intoxication'
  4639 | D:5      | Found a staircase to the Ecumenical Temple.
  4715 | D:5      | Killed Sigmund
  4715 | D:5      | Reached skill level 3 in Shields
  4730 | D:5      | XOM is BORED!
  4730 | D:5      | XOM: medium Conj miscast
  4759 | D:5      | XOM: mild Summ miscast
  4905 | D:5      | XOM: cloud trail
  5022 | D:5      | Noticed Eustachio
  5030 | D:5      | XOM: polymorph quasit -> white imp
  5033 | D:5      | Killed Eustachio
  5449 | D:6      | Reached XP level 9. HP: 71/71 MP: 9/9
  5463 | D:6      | You fall through a shaft for 2 floors!
  5485 | D:8      | Reached skill level 7 in Fighting
  5553 | D:8      | XOM: divination: magic mapping
  5631 | D:8      | XOM: divine lightning
  5640 | D:8      | Reached skill level 8 in Maces & Flails
  5715 | D:8      | XOM: god gift: wand of flame (37) {god gift}
  5721 | D:8      | XOM: noise
  5774 | D:8      | XOM: fog
  5817 | D:8      | XOM: divination: magic mapping
  5839 | D:8      | XOM: mild Conj miscast
  5871 | D:8      | HP: 33/72 [wolf[Grum] (7)]
  5879 | D:8      | Noticed Grum
  5879 | D:8      | HP: 19/72 [wolf[Grum] (1)]
  5881 | D:8      | HP: 7/72 [wolf[Grum] (4)]
  5881 | D:8      | HP: 2/72 [wolf[Grum] (5)]
  5882 | D:8      | Slain by a wolf

Vanquished Creatures
  Pikel (D:4)
  Grinder (D:5)
  Sigmund (D:5)
  Eustachio (D:5)
  An orc warrior (D:8)
  A phantom (D:5)
  3 ogres (D:4)
  2 wolves (D:8)
  A centaur (D:5)
  A bullfrog (D:8)
  2 scorpions
  A bullfrog zombie (D:5)
  A jelly (D:5)
  A hound (D:3)
  5 orc wizards
  2 orc priests
  A bullfrog skeleton (D:4)
  Jessica (D:4)
  6 worker ants
  A hound zombie (D:6)
  A worker ant zombie (D:5)
  4 adders
  A shadow imp (D:5)
  2 oozes
  A worm (D:5)
  3 dart slugs
  8 leopard geckos
  11 orcs
  2 giant cockroaches
  6 goblins
  2 hobgoblins
  6 bats
  9 frilled lizards
  A jackal skeleton (D:5)
  A jackal zombie (D:4)
  7 kobolds
  A leopard gecko skeleton (D:4)
  3 rats
103 creatures vanquished.

Vanquished Creatures (collateral kills)
  An orc wizard (D:5)
1 creature vanquished.

Vanquished Creatures (others)
  A leopard gecko (D:8)
1 creature vanquished.

Grand Total: 105 creatures vanquished

Table legend:
 A = Turns spent in this place as a percentage of turns spent in the entire game.
 B = Non-inter-level travel turns spent in this place as a percentage of non-inter-level travel turns spent in the entire game.
 C = Inter-level travel turns spent in this place as a percentage of turns spent in this place.
 D = Turns resting spent in this place as a percentage of non-inter-level travel turns spent in this place.
 E = Turns spent auto-exploring this place as a percentage of non-inter-level travel turns spent in this place.
 F = Non-inter-level travel turns spent in this place divided by the number of levels of this place that you've seen.
                   A       B       C       D       E      F
               +-------+-------+-------+-------+-------+----------------------
         Total | 100.0 | 100.0 |   6.1 |  27.1 |  55.6 | 789.4
       Dungeon | 100.0 | 100.0 |   6.1 |  27.1 |  55.6 | 789.4
               +-------+-------+-------+-------+-------+----------------------
